 Dungeon Crawl Stone Soup version 0.21.1-1-g345015f (webtiles) character file.

55 tidbits the Charmwright (level 3, 1/31 HPs)
             Began as a Gnoll Skald on June 20, 2018.
             Quit the game on level 3 of the Dungeon.
             The game lasted 00:02:06 (173 turns).

tidbits the Charmwright (Gnoll Skald)                Turns: 173, Time: 00:02:07

Health: 1/31       AC:  3    Str: 13    XL:     3   Next: 93%
Magic:  1/9        EV: 14    Int: 16    God:
Gold:   29         SH:  0    Dex: 14    Spells: 11/12 levels left

rFire    . . .     SeeInvis +   a - +0 hand axe
rCold    . . .     Gourm    .   (no shield)
rNeg     . . .     Faith    .   b - +0 leather armour
rPois    .         Spirit   .   (no helmet)
rElec    .         Reflect  .   (no cloak)
rCorr    .         Harm     .   (no gloves)
MR       .....                  (no boots)
Stlth    +.........             (no amulet)
HPRegen  0.10/turn              h - ring of see invisible
MPRegen  0.11/turn              (no ring)

@: lethally poisoned (1 -> -18), infused
A: distributed training, fangs 1, strong nose
a: no special abilities


You were on level 3 of the Dungeon.
You were not hungry.

You visited 1 branch of the dungeon, and saw 3 of its levels.

You collected 29 gold pieces.

Inventory:

Hand Weapons
 a - a +0 hand axe (weapon)
Missiles
 f - 24 sling bullets
 g - 20 arrows
Armour
 b - a +0 leather armour (worn)
Jewellery
 h - a ring of see invisible (left hand)
   (You found it on level 3 of the Dungeon)
Scrolls
 e - a scroll of immolation {unknown}
Books
 c - a book of Battle

   Spells                             Type                      Level
   a - Infusion                       Charms                       1
   b - Shroud of Golubria             Charms/Translocation         2
   c - Song of Slaying                Charms                       2
   d - Spectral Weapon                Hexes/Charms                 3
   e - Regeneration                   Charms/Necromancy            3
Comestibles
 d - 2 rations


   Skills:
 + Level 4.6 Fighting
 + Level 1.0 Short Blades
 + Level 1.0 Long Blades
 + Level 4.6 Axes
 + Level 1.0 Maces & Flails
 + Level 1.0 Polearms
 + Level 1.0 Staves
 + Level 1.0 Slings
 + Level 1.0 Bows
 + Level 1.0 Crossbows
 + Level 1.0 Throwing
 + Level 2.6 Armour
 + Level 4.6 Dodging
 + Level 1.0 Stealth
 + Level 1.0 Shields
 + Level 1.0 Unarmed Combat
 + Level 5.0 Spellcasting
 + Level 0.7 Conjurations
 + Level 0.7 Hexes
 + Level 5.4 Charms
 + Level 0.7 Summonings
 + Level 0.7 Necromancy
 + Level 0.7 Translocations
 + Level 0.7 Transmutations
 + Level 0.7 Fire Magic
 + Level 0.7 Ice Magic
 + Level 0.7 Air Magic
 + Level 0.7 Earth Magic
 + Level 0.7 Poison Magic
 + Level 1.0 Invocations
 + Level 1.0 Evocations


You had 11 spell levels left.
You knew the following spells:

 Your Spells              Type           Power        Failure   Level  Hunger
i - Infusion              Chrm           ###.         1%          1    None


Dungeon Overview and Level Annotations

Branches:
Dungeon (3/15)

Altars:

Annotations:
D:3 Iko's ghost, weakling BaWn


Innate Abilities, Weirdness & Mutations

Your experience applies equally to all skills.
You have very sharp teeth.
Your uncanny sense of smell can sniff out nearby items.


Message History

Found 11 gold pieces.
Things that are here:
a whip; 4 stones; a kobold corpse
Casting: Infusion
Confirm with . or Enter, or press ? or * to list all spells.
You extend your infusion's duration.
You barely miss the giant cockroach.
You bite the giant cockroach, but do no damage.
The giant cockroach closely misses you.
You slash the giant cockroach!
You kill the giant cockroach!
You see here 11 gold pieces.
You now have 29 gold pieces (gained 11).
You see here 20 arrows.
g - 20 arrows
There is a stone staircase leading down here.
HP restored.
You climb downwards.
Level annotation: Iko's ghost, weakling BaWn
There is a stone staircase leading up here.
Unknown command.
Found a notched golden ring.
Your magical infusion is running out.
A bat comes into view.
Found a hunting sling.
Unknown command.
A kobold comes into view. It is wielding a short sword.
The kobold shouts!
The bat closely misses you.
You see here a notched golden ring.
h - a notched golden ring The bat barely misses you.
You hit the bat.
You kill the bat!
You are no longer magically infusing your attacks.
Casting: Infusion
Confirm with . or Enter, or press ? or * to list all spells.
You begin infusing your attacks with magical energy.
You closely miss the kobold. The kobold hits you but does no damage.
The kobold hits you with a short sword.
You hit the kobold.
The kobold is severely wounded.
The kobold hits you with a short sword.
You hit the kobold.
You kill the kobold!
Put on which piece of jewellery? (? for menu, Esc to quit)
h - a ring of see invisible (left hand)
You barely miss the worker ant. The worker ant barely misses you.
The worker ant bites you.
You are poisoned.
The worker ant poisons you!
You closely miss the worker ant.
You feel sick. The worker ant bites you.
You are more poisoned.
The worker ant poisons you!
You hit the worker ant! Your bite misses the worker ant.
The worker ant is heavily wounded.
You feel sick. The worker ant closely misses you.
You barely miss the worker ant.
The worker ant is heavily wounded.
You feel sick. The worker ant closely misses you.
The worker ant barely misses you.
You hit the worker ant.
You bite the worker ant, but do no damage.
The worker ant is severely wounded.
You feel sick. The worker ant misses you.
You hit the worker ant but do no damage.
The worker ant is severely wounded.
You feel sick. The worker ant bites you!
* * * LOW HITPOINT WARNING * * *
You hit the worker ant.
The worker ant is severely wounded.
* * * LOW HITPOINT WARNING * * *
You feel sick. The worker ant closely misses you.
You closely miss the worker ant. Your bite misses the worker ant.
The worker ant is severely wounded.
* * * LOW HITPOINT WARNING * * *
You feel sick. The worker ant bites you.
* * * LOW HITPOINT WARNING * * *
You are more poisoned.
The worker ant poisons you! The worker ant bites you.
* * * LOW HITPOINT WARNING * * *
You hit the worker ant.
You kill the worker ant!
Your Short Blades skill increases to level 1!
Your Long Blades skill increases to level 1!
Your Maces & Flails skill increases to level 1!
Your Polearms skill increases to level 1!
Your Staves skill increases to level 1!
Your Slings skill increases to level 1!
Your Bows skill increases to level 1!
Your Crossbows skill increases to level 1!
Your Throwing skill increases to level 1!
Your Stealth skill increases to level 1!
Your Shields skill increases to level 1!
Your Unarmed Combat skill increases to level 1!
Your Invocations skill increases to level 1!
Your Evocations skill increases to level 1!
* * * LOW HITPOINT WARNING * * *
You feel sick.
You aren't carrying any potions.
Are you sure you want to abandon this character and quit the game? (Confirm with "yes".)

#### #..# #..#
#######).#####
.............#
.............#
..####..##.)# .
#.....# ..#
#.##.###..# #
#@......#
......†..####.#
##..#....# #
....... ∆
.##....##
.........# #
#.#...## #
#.#...#
#.#####.#...#


There were no monsters in sight!

Vanquished Creatures
  A worker ant (D:3)
  Terence (D:2)
  A leopard gecko (D:2)
  A giant cockroach (D:2)
  3 kobolds
  2 bats
  A rat (D:1)
10 creatures vanquished.

Notes
Turn   | Place    | Note
-------+----------+-------------------------------------------
     0 | D:1      | tidbits the Gnoll Skald began the quest for the Orb.
     0 | D:1      | Reached XP level 1. HP: 20/20 MP: 6/6
    22 | D:2      | Noticed Terence
    35 | D:2      | Killed Terence
    35 | D:2      | Reached XP level 2. HP: 18/26 MP: 1/7
    35 | D:2      | Reached XP level 3. HP: 21/31 MP: 1/9
    92 | D:3      | Noticed Iko's ghost (weakling BaWn)
    99 | D:2      | Reached skill level 5 in Spellcasting
   171 | D:3      | HP: 3/31 [worker ant (4)]
   172 | D:3      | Reached skill level 1 in Short Blades
   172 | D:3      | Reached skill level 1 in Long Blades
   172 | D:3      | Reached skill level 1 in Maces & Flails
   172 | D:3      | Reached skill level 1 in Polearms
   172 | D:3      | Reached skill level 1 in Staves
   172 | D:3      | Reached skill level 1 in Slings
   172 | D:3      | Reached skill level 1 in Bows
   172 | D:3      | Reached skill level 1 in Crossbows
   172 | D:3      | Reached skill level 1 in Throwing
   172 | D:3      | Reached skill level 1 in Stealth
   172 | D:3      | Reached skill level 1 in Shields
   172 | D:3      | Reached skill level 1 in Unarmed Combat
   172 | D:3      | Reached skill level 1 in Invocations
   172 | D:3      | Reached skill level 1 in Evocations
   172 | D:3      | HP: 1/31 [poisoned by a worker ant]
   173 | D:3      | Quit the game

Skill      XL: |  1  2  3 |
---------------+----------+-----
Spellcasting   | 5 |  5.0
Short Blades   | 1 |  1.0
Long Blades    | 1 |  1.0
Maces & Flails | 1 |  1.0
Polearms       | 1 |  1.0
Staves         | 1 |  1.0
Slings         | 1 |  1.0
Bows           | 1 |  1.0
Crossbows      | 1 |  1.0
Throwing       | 1 |  1.0
Stealth        | 1 |  1.0
Shields        | 1 |  1.0
Unarmed Combat | 1 |  1.0
Invocations    | 1 |  1.0
Evocations     | 1 |  1.0
Fighting       | |  4.6
Axes           | |  4.6
Armour         | |  2.6
Dodging        | |  4.6
Conjurations   | |  0.7
Hexes          | |  0.7
Charms         | |  5.4
Summonings     | |  0.7
Necromancy     | |  0.7
Translocations | |  0.7
Transmutations | |  0.7
Fire Magic     | |  0.7
Ice Magic      | |  0.7
Air Magic      | |  0.7
Earth Magic    | |  0.7
Poison Magic   | |  0.7

Action                   || total
-------------------------++-------
Melee: Hand axe          ||    37
       Bite              ||     4
 Cast: Infusion          ||     5
Armor: Leather armour    ||     3
Dodge: Dodged            ||    29

Table legend:
 A = Turns spent in this place as a percentage of turns spent in the entire game.
 B = Non-inter-level travel turns spent in this place as a percentage of non-inter-level travel turns spent in the entire game.
 C = Inter-level travel turns spent in this place as a percentage of turns spent in this place.
 D = Turns resting spent in this place as a percentage of non-inter-level travel turns spent in this place.
 E = Turns spent auto-exploring this place as a percentage of non-inter-level travel turns spent in this place.
 F = Non-inter-level travel turns spent in this place divided by the number of levels of this place that you've seen.
                   A       B       C       D       E      F
               +-------+-------+-------+-------+-------+----------------------
         Total | 100.0 | 100.0 |   0.0 |   0.0 |   0.0 |  57.7
       Dungeon | 100.0 | 100.0 |   0.0 |   0.0 |   0.0 |  57.7
               +-------+-------+-------+-------+-------+----------------------

Table legend:
 A = Kills in this place as a percentage of kills in entire the game.
 B = Kills by you in this place as a percentage of kills by you in the entire game.
 C = Kills by friends in this place as a percentage of kills by friends in the entire game.
 D = Other kills in this place as a percentage of other kills in the entire game.
 E = Experience gained in this place as a percentage of experience gained in the entire game.
 F = Experience gained in this place divided by the number of levels of this place that you have seen.
                   A       B       C       D       E      F
               +-------+-------+-------+-------+-------+----------------------
         Total | 100.0 | 100.0 |   N/A |   N/A | 100.0 |  26.3
       Dungeon | 100.0 | 100.0 |   N/A |   N/A | 100.0 |  26.3
               +-------+-------+-------+-------+-------+----------------------

Vault maps used:
D:1:      dpeg_arrival_tiny_j
D:2:      nicolae_overflow_crystal_walls, uniq_jessica, uniq_terence,
          uniq_crazy_yiuf_cottage
D:3:      gammafunk_temple_overflow_elements, grunt_decor_mini_mirrors,
          minmay_hedge_maze, uniq_robin
